 Dungeon Crawl Stone Soup version 0.26.1-11-gd32895ea62 (webtiles) character file.

Game seed: 976645689033342304

1469 vvl the Ruffian (level 8, -16/61 HPs)
             Began as a Red Draconian Transmuter on July 7, 2021.
             Was an Initiate of Makhleb.
             Demolished by an orc warrior
             ... wielding a +0 trident
              (18 damage)
             ... on level 7 of the Dungeon.
             The game lasted 00:15:27 (7542 turns).

vvl the Ruffian (Red Draconian Transmuter)          Turns: 7542, Time: 00:15:28

Health: -16/61     AC:  7    Str: 19    XL:     8   Next: 49%
Magic:  11/11      EV: 16    Int: 13    God:    Makhleb [......]
Gold:   264        SH:  0    Dex:  9    Spells: 10/11 levels left

rFire    + . .     SeeInvis .   f - +9 great mace of Conscience {elec, +Fly Str+4 Dex-3}
rCold    . . .     Faith    .   (shield currently unavailable)
rNeg     . . .     Spirit   .   (armour unavailable)
rPois    .         Reflect  .   (helmet restricted)
rElec    .         Harm     .   (no cloak)
rCorr    .         Rampage  .   x - +0 pair of gloves
Will     +....                  (no boots)
Stlth    +.........             v - amulet of the acrobat
HPRegen  0.20/turn              r - +4 ring of evasion
MPRegen  0.12/turn              o - ring of willpower

@: short of breath
A: breathe fire, unfitting armour, fire resistance 1, cold-blooded, AC +6
a: Breathe Fire, Renounce Religion, Evoke Flight


You were on level 7 of the Dungeon.
You worshipped Makhleb.
Makhleb was noncommittal.
You visited 2 branches of the dungeon, and saw 8 of its levels.

You collected 403 gold pieces.
You spent 139 gold pieces at shops.

Inventory:

Hand Weapons
 f - the +9 great mace of Conscience (weapon) {elec, +Fly Str+4 Dex-3}
   (You took it off an ogre on level 5 of the Dungeon)

   Occasionally, upon striking a foe, it can discharge electrical energy and
   cause terrible harm.
   It affects your strength (+4).
   It affects your dexterity (-3).
   It lets you fly.
 p - a +2 hand axe of electrocution
Armour
 x - a +0 pair of gloves (worn)
Jewellery
 g - an uncursed ring of see invisible
 j - an uncursed ring of ice
 o - a ring of willpower (right hand)
 r - a +4 ring of evasion (left hand)
 v - an amulet of the acrobat (around neck)
Wands
 e - a wand of enslavement (10)
 z - a wand of flame (14)
Scrolls
 a - 6 scrolls of remove curse
 b - 4 scrolls of immolation {unknown}
 c - 5 scrolls of teleportation
 d - a scroll of fear {unknown}
 h - 2 scrolls of enchant armour {unknown}
 k - a scroll of noise {unknown}
 n - 2 scrolls of blinking {unknown}
 t - 4 scrolls of identify
 u - 2 scrolls of magic mapping {unknown}
 y - a scroll of random uselessness {unknown}
 B - a scroll of enchant weapon {unknown}
 D - a scroll of amnesia {unknown}
Potions
 i - 3 potions of lignification
 l - a potion of might {unknown}
 m - 3 potions of attraction
 q - 2 potions of brilliance {unknown}
 w - a potion of curing {unknown}
 A - 2 potions of heal wounds {unknown}
 C - a potion of mutation {unknown}


   Skills:
 + Level 1.9 Fighting
 * Level 1.9 Maces & Flails
 - Level 1.7 Dodging
 + Level 7.8 Unarmed Combat
 - Level 2.0 Spellcasting
 + Level 7.4 Transmutations
 + Level 1.0 Evocations


You had 10 spell levels left.
You knew the following spells:

 Your Spells              Type           Power        Failure   Level
a - Beastly Appendage     Tmut           40%          1%          1

Your spell library contained the following spells:

 Spells                   Type           Power        Failure   Level
 Wereblood                Tmut           20%          1%          2
 Spider Form              Tmut/Pois      5%           17%         3
 Corona                   Hex            1%           26%         1
 Blade Hands              Tmut           10%          32%         5
 Ensorcelled Hibernation  Hex/Ice        2%           36%         2
 Ice Form                 Ice/Tmut       11%          50%         4
 Confusing Touch          Hex            1%           58%         3
 Dazzling Flash           Conj/Hex       2%           58%         3
 Tukima's Dance           Hex            1%           58%         3


Dungeon Overview and Level Annotations

Branches:
Dungeon (7/15)             Temple (1/1) D:7

Altars:
Ashenzari
Cheibriados
Dithmenos
Elyvilon
Fedhas
Gozag
Kikubaaqudgha
Makhleb
Nemelex Xobeh
Okawaru
Qazlal
Ru
Sif Muna
Trog
Uskayaw
Wu Jian
Xom
Yredelemnul
Zin

Shops:
D:7 *


Innate Abilities, Weirdness & Mutations

You can breathe blasts of fire.
Your fiery red scales are hard. (AC +6)
You cannot fit into any form of body armour.
Your flesh is heat resistant. (rF+)
You are cold-blooded and may be slowed by cold attacks.


Message History

Press: ? - help, Shift-Dir - straight line, f/p - orc warrior
Aim: an orc warrior, wielding a +0 trident and wearing a +0 chain mail (lightly wounded, 32% to evade)
The bolt of acid hits the orc warrior.
The orc warrior is splashed with acid.
The orc warrior is moderately wounded.
The now-empty wand crumbles to dust.
The orc warrior barely misses you.
The orc warrior hits you with a +0 trident.
* * * LOW HITPOINT WARNING * * *
You sock the orc warrior!
The orc warrior is severely wounded.
The orc warrior hits you with a +0 trident!
* * * LOW HITPOINT WARNING * * *
You closely miss the orc warrior. You tail-slap the orc warrior.
The orc warrior is severely wounded.
The orc warrior hits you but does no damage.
You closely miss the orc warrior.
You tail-slap the orc warrior, but do no damage.
The orc warrior is severely wounded.
The orc warrior closely misses you.
The orc warrior hits you with a +0 trident!!
You die...

. ###.....#.8.>.8...
.. #.......#..⌠.⌠....
...
#.##...[..8.8.8...
..##.##......))......
...######.##.......
#.#### #.####..#.#
#....###.# #.##..
#.##...#.## #.# ##
#@####.#..###.# #o#
#..#.#...## #.#
##........## #.#
###.#.##..## ##.#
#.....##... ##..#
#..(..####. #..##
#.._..# ## #.##
#...(..# #. #[# #...
..# #..


You could see an orc warrior.

Vanquished Creatures
  The ghost of Ekaitz the Digger, a novice DsEE of Sif Muna (D:5)
  An ice beast (D:5)
  3 ogres (D:5)
  A scorpion (D:4)
  2 hounds (D:5)
  A gnoll shaman (D:7)
  An orc priest (D:7)
  Crazy Yiuf (D:6)
  Jessica (D:2)
  An iguana (D:5)
  An orc wizard (D:6)
  5 worker ants
  2 hound zombies
  12 gnolls
  4 adders
  A shadow imp (D:6)
  An ufetubus (D:6)
  2 oozes
  3 worms
  4 dart slugs
  6 leopard geckos
  17 orcs
  7 giant cockroaches
  9 goblins
  9 hobgoblins
  4 jackals (D:1)
  2 quokkas
  2 ball pythons
  11 bats
  4 frilled lizards
  8 kobolds
  A leopard gecko skeleton (D:6)
  9 rats
137 creatures vanquished.

Vanquished Creatures (others)
  15 plants (D:4)
15 creatures vanquished.

Grand Total: 152 creatures vanquished

Notes
Turn   | Place    | Note
-------+----------+-------------------------------------------
     0 | D:1      | vvl the Draconian Transmuter began the quest for the Orb.
     0 | D:1      | Reached XP level 1. HP: 16/16 MP: 3/3
   264 | D:1      | Reached XP level 2. HP: 18/23 MP: 5/5
   361 | D:1      | You fall into a shaft and drop 1 floor!
  1000 | D:1      | Reached XP level 3. HP: 23/28 MP: 6/6
  1692 | D:2      | Found a broken altar of Ashenzari.
  1874 | D:2      | Noticed Jessica
  1880 | D:2      | Killed Jessica
  1881 | D:2      | Reached XP level 4. HP: 34/35 MP: 5/7
  1932 | D:2      | Found a faded altar of an unknown god.
  2754 | D:3      | Reached XP level 5. HP: 22/40 MP: 8/8
  3631 | D:3      | Found a blossoming altar of Fedhas.
  3631 | D:3      | Found a shimmering altar of Xom.
  3908 | D:4      | Reached skill level 5 in Unarmed Combat
  4100 | D:4      | Reached XP level 6. HP: 35/47 MP: 9/9
  4614 | D:5      | Entered Level 5 of the Dungeon
  4675 | D:5      | Reached skill level 5 in Transmutations
  4986 | D:5      | Found a transporter.
  5135 | D:5      | Noticed an ice beast
  5142 | D:5      | Killed an ice beast
  5143 | D:5      | Your scales start taking on a fiery red colour.
  5143 | D:5      | Reached XP level 7. HP: 52/52 MP: 8/10
  5143 | D:5      | Gained mutation: Your flesh is heat resistant. (rF+) [Red
                  | Draconian growth]
  5398 | D:5      | Identified the +9 great mace of Conscience {elec, +Fly
                  | Str+4 Dex-3}
  5403 | D:5      | Noticed Ekaitz's ghost (novice DsEE)
  5404 | D:5      | Found a transporter.
  5787 | D:5      | Killed Ekaitz's ghost
  5788 | D:5      | Reached XP level 8. HP: 7/59 MP: 11/11
  6570 | D:6      | Found a runed translucent door.
  6571 | D:6      | Noticed Crazy Yiuf
  6642 | D:6      | Reached skill level 1 in Maces & Flails
  6884 | D:6      | Killed Crazy Yiuf
  7056 | D:7      | Found Rutuinn's Assorted Antiques.
  7063 | D:7      | Bought a scroll of teleportation for 72 gold pieces
  7063 | D:7      | Bought 2 fuming brown potions for 43 gold pieces
  7063 | D:7      | Bought a scroll labelled UMMOXE QESOL for 24 gold pieces
  7075 | D:7      | Found a sacrificial altar of Ru.
  7077 | D:7      | Found a staircase to the Ecumenical Temple.
  7109 | Temple   | Entered the Ecumenical Temple
  7408 | Temple   | Became a worshipper of Makhleb the Destroyer
  7529 | D:7      | Reached skill level 1 in Evocations
  7540 | D:7      | HP: 1/61 [orc warrior/+0 trident (12)]
  7542 | D:7      | Demolished by an orc warrior

Illustrated notes

Levels and vault maps discovered:
D:1:      dpeg_arrival_rhombi, layout_loops_corners
D:2:      layout_basic, lemuel_doored_altar,
          chequers_ecumenical_altar_simple_redux, uniq_jessica
D:3:      layout_loops_ring, gammafunk_temple_overflow_pools
D:4:      layout_rooms, wad_woods_river_04
D:5:      layout_layer_cave, gammafunk_ghost_smash
D:6:      layout_loops_cross, uniq_crazy_yiuf_cottage
D:7:      kennysheep_windowed_halls, layout_rooms,
          minmay_temple_entry_statues_fountains, serial_shops,
          nicolae_shop_overgrown_old_shop, basic_altar
Temple:   minmay_temple_bridge_d

Skill      XL: |  1  2  3  4  5  6  7  8 |
---------------+-------------------------+-----
Transmutations | 3 4 5 7 |  7.4
Unarmed Combat | 4 5 6 7 |  7.8
Maces & Flails | 1 |  1.9
Evocations     | 1 |  1.0
Fighting       | |  1.9
Dodging        | |  1.7
Spellcasting   | |  2.0

Action                   |  1- 3 |  4- 6 |  7- 9 || total
-------------------------+-------+-------+-------++-------
Melee: Unarmed           |   156 |    69 |       ||   225
       Kick              |    28 |    24 |     3 ||    55
       Headbutt          |     8 |    12 |     4 ||    24
       Punch             |     2 |     4 |     2 ||     8
       Tailslap          |     9 |    19 |     7 ||    35
       Hand axe          |       |   118 |    59 ||   177
       Great mace        |       |       |    38 ||    38
 Cast: Beastly Appendage |    20 |    26 |     2 ||    48
 Abil: Breathe Fire      |       |       |     5 ||     5
Evoke: Wand              |       |       |     6 ||     6
  Use: Scroll            |       |     5 |       ||     5
       Potion            |       |       |     1 ||     1
 Stab: Sleeping          |     1 |       |       ||     1
Armor: Skin              |    59 |    66 |    58 ||   183
Dodge: Dodged            |    94 |   157 |    73 ||   324
